 Dungeon Crawl Stone Soup version 0.22-a0-346-ga714374 (webtiles) character file.

70 PaperRat the Conjurer (level 4, -3/26 HPs)
             Began as a Tengu Conjurer on Apr 6, 2018.
             Was a Follower of Ashenzari.
             Slain by an orc priest
             ... wielding a +0 falchion
              (5 damage)
             ... on level 2 of the Dungeon.
             The game lasted 00:16:35 (1839 turns).

PaperRat the Conjurer (Tengu Conjurer)              Turns: 1839, Time: 00:16:36

Health: -3/26      AC:  4    Str:  8    XL:     4   Next: 22%
Magic:  0/9        EV: 13    Int: 16    God:    Ashenzari [*.....]
Gold:   56         SH:  0    Dex: 15    Spells: 5/8 levels left

rFire    . . .     SeeInvis .   o - +0 flail (venom)
rCold    . . .     Gourm    .   (no shield)
rNeg     . . .     Faith    .   a - +0 robe
rPois    .         Spirit   .   (helmet restricted)
rElec    .         Reflect  .   d - +1 cloak (curse)
rCorr    .         Harm     .   (no gloves)
MR       .....                  (boots unavailable)
Stlth    ++........             (no amulet)
HPRegen  0.08/turn              (no ring)
MPRegen  0.11/turn              (no ring)

@: no status effects
A: beak, talons 3
a: Curse Item, Scrying, Renounce Religion


You were on level 2 of the Dungeon.
You worshipped Ashenzari.
Ashenzari was aware of your devotion.
You were not hungry.

You visited 1 branch of the dungeon, and saw 3 of its levels.

You collected 56 gold pieces.

Inventory:

Hand Weapons
 o - a +0 flail of venom (weapon)
Missiles
 b - 61 stones (quivered)
 e - 59 bolts
 f - 23 arrows
 p - 39 sling bullets
Armour
 a - a +0 robe (worn)
 d - a cursed +1 cloak (worn)
 h - a +0 ring mail
Scrolls
 g - a scroll of remove curse
 k - 3 scrolls of identify
Comestibles
 c - 8 rations


   Skills:
 + Level 1.9 Fighting
 - Level 2.1 Dodging
 - Level 2.0 Stealth
 + Level 2.8 Spellcasting
 + Level 6.1 Conjurations


You had 5 spell levels left.
You knew the following spells:

 Your Spells              Type           Power        Failure   Level  Hunger
a - Magic Dart            Conj           ###.         1%          1    #......
s - Searing Ray           Conj           ###...       2%          2    ##.....


Dungeon Overview and Level Annotations

Branches:
Dungeon (3/15)

Altars:
Ashenzari

Annotations:
D:3 Sigmund


Innate Abilities, Weirdness & Mutations

You have a beak for a mouth.
You have claws for feet.


Message History

You kill the gnoll!
The searing ray misses the orc priest.
You finish channeling your searing ray.
Casting: Searing Ray (safe; 2% risk of failure)
Confirm with . or Enter, or press ? or * to list all spells.
Aiming: Magic Dart (safe; 1% risk of failure)
Press: ? - help, Shift-Dir - straight line, f/p - orc priest
Aim: an orc priest, wielding a falchion and wearing a leather armour (heavily wounded)
The magic dart hits the orc priest.
The orc priest is severely wounded.
The orc priest hits you with a falchion.
You barely miss the orc priest.
The orc priest is severely wounded.
The orc priest casts a cantrip, but nothing happens.
The orc priest calls down the wrath of Beogh upon you.
Beogh smites you!
* * * LOW HITPOINT WARNING * * *
You closely miss the orc priest. Your peck misses the orc priest.
The orc priest is severely wounded.
The orc priest hits you with a falchion.
You die...

######## #.)@o..#
########## #.####.#
##.........
#.####>###.#.#######
#.##..o...###.# #...
#.##.#.###.#.## #..#
#.##.#.# ##.## #..#
#......# ### #..#
####.### #..# #.#
######..#


You could see an orc priest.

Vanquished Creatures
  A gnoll (D:2)
  An adder (D:3)
  A worm (D:2)
  A dart slug (D:3)
  An orc (D:3)
  A ball python (D:2)
  A giant cockroach (D:1)
  4 hobgoblins
  8 jackals
  A bat (D:1)
  6 frilled lizards
  7 goblins
  9 kobolds
  4 rats (D:2)
46 creatures vanquished.

Notes
Turn   | Place    | Note
-------+----------+-------------------------------------------
     0 | D:1      | PaperRat the Tengu Conjurer began the quest for the Orb.
     0 | D:1      | Reached XP level 1. HP: 10/10 MP: 4/4
   307 | D:1      | Reached XP level 2. HP: 16/16 MP: 1/6
   321 | D:1      | Learned a level 2 spell: Searing Ray
   531 | D:1      | Reached skill level 1 in Fighting
   764 | D:2      | Reached XP level 3. HP: 20/20 MP: 5/7
   939 | D:2      | Found a faded altar of an unknown god.
   953 | D:2      | Became a worshipper of Ashenzari the Shackled
   953 | D:2      | Reached * piety under Ashenzari
  1636 | D:3      | Reached skill level 6 in Conjurations
  1636 | D:3      | Reached XP level 4. HP: 26/26 MP: 1/9
  1640 | D:3      | Noticed Sigmund
  1839 | D:2      | Slain by an orc priest

Vault maps used:
D:1:      roderic_crop_circles_arrival_small
D:2:      chequers_ecumenical_altar_simple_redux
D:3:      first_ration, uniq_sigmund

Skill      XL: |  1  2  3 |
---------------+----------+-----
Fighting       | 1 |  1.9
Conjurations   | 6 |  6.1
Dodging        | |  2.1
Stealth        | |  2.0
Spellcasting   | |  2.8

Action                   |  1- 3 |  4- 6 || total
-------------------------+-------+-------++-------
Melee: Unarmed           |     3 |       ||     3
       Kick              |     6 |     1 ||     7
       Peck              |     2 |       ||     2
       Short sword       |     9 |       ||     9
       Flail             |    12 |     3 ||    15
 Cast: Magic Dart        |    59 |     2 ||    61
       Searing Ray       |     2 |     2 ||     4
Invok: Curse Item        |     1 |       ||     1
  Use: Scroll            |     5 |     1 ||     6
       Potion            |       |     1 ||     1
 Stab: Distracted        |     1 |       ||     1
       Sleeping          |     1 |       ||     1
  Eat: Chunk             |     3 |     1 ||     4
Armor: Robe              |     5 |     2 ||     7
Dodge: Dodged            |    22 |     9 ||    31

Table legend:
 A = Spawn XP
 B = Non-spawn XP
 C = Spawn XP percentage of total XP
 D = Spawn monster count
 E = Non-spawn monster count
 F = Spawn count percentage of total count
 G = Total turns spent on level
                    A         B        C        D         E        F      G
               +---------+---------+-------+---------+---------+-------+---------
         Total |       0 |     101 |   0.0 |       0 |      46 |   0.0 |  1839
               +---------+---------+-------+---------+---------+-------+---------
           D:1 |       0 |      19 |   0.0 |       0 |      14 |   0.0 |   556
           D:2 |       0 |      51 |   0.0 |       0 |      23 |   0.0 |   878
           D:3 |       0 |      31 |   0.0 |       0 |       9 |   0.0 |   405
               +---------+---------+-------+---------+---------+-------+---------
